 Dungeon Crawl Stone Soup version 0.29.1-1-gd02db6906a (webtiles) character file.

Game seed: 7520361832675934518

3336 Godmorgon the Thaumaturge (level 10, 0/73 HPs)
             Began as a Djinni Ice Elementalist on Oct 2, 2022.
             Was a Follower of Makhleb.
             Killed from afar by an electric eel (11 damage)
             ... with a bolt of electricity
             ... on level 8 of the Dungeon.
             The game lasted 00:52:31 (8218 turns).

Godmorgon the Thaumaturge (Djinni Ice Elementalist) Turns: 8218, Time: 00:52:32

Health: 0/73       AC:  3    Str:  7    XL:     10   Next: 22%
Gold:   152        EV: 13    Int: 20    God:    Makhleb [*.....] SH:  0 Dex: 15

rFire   + + .      SeeInvis .   a - +2 scimitar (flame)
rCold   x . .      Faith    .   (no shield)
rNeg    . . .      Spirit   .   d - +0 robe
rPois   ∞          Reflect  .   (no helmet)
rElec   .          Harm     .   i - +0 cloak
rCorr   +          Rampage  .   (no gloves)
Will    +....                   (boots unavailable)
Stlth   ++........              (no amulet)
HPRegen 0.22/turn               x - ring of resist corrosion
MPRegen 0.00/turn               (no ring)

@: flying, slowed, very slow
A: sickness immunity, fire resistance 2, cold vulnerability 1, float, innate
caster, HP casting, extra vitality 1
a: Renounce Religion


You were on level 8 of the Dungeon.
You worshipped Makhleb.
Makhleb was aware of your devotion.
You visited 2 branches of the dungeon, and saw 9 of its levels.

You collected 462 gold pieces.
You spent 310 gold pieces at shops.

Inventory:

Hand Weapons
 a - a +2 scimitar of flaming (weapon)
Missiles
 c - a curare-tipped dart
 e - 6 boomerangs
 g - 18 poisoned darts (quivered)
 u - 4 atropa-tipped darts
Armour
 d - a +0 robe (worn)
 i - a +0 cloak (worn)
Jewellery
 x - a ring of resist corrosion (left hand)
Wands
 p - a wand of charming (3)
 v - a wand of polymorph (3)
Scrolls
 h - a scroll of blinking
 l - 2 scrolls of enchant weapon
 m - 2 scrolls of vulnerability
 n - 4 scrolls of fog
 q - 2 scrolls of teleportation
 r - 2 scrolls of enchant armour
 w - a scroll of poison
 y - 2 scrolls of immolation
 D - a scroll of silence
Potions
 f - 4 potions of curing
 j - a potion of might {unknown}
 k - a potion of resistance {unknown}
 o - 2 potions of attraction
 s - 5 potions of mutation
 z - a potion of lignification {unknown}
 A - 2 potions of haste
 E - 2 potions of heal wounds {unknown}
 F - a potion of brilliance {unknown}
 G - a potion of invisibility {unknown}


   Skills:
 + Level 6.7 Fighting
 + Level 2.5 Long Blades
 + Level 2.9 Armour
 + Level 4.0 Dodging
 - Level 1.5 Stealth
 * Level 8.2 Spellcasting
 * Level 4.3 Invocations


You had 4 spell levels left.
You knew the following spells:

 Your Spells              Type           Power      Damage    Failure   Level
a - Ozocubu's Armour      Ice            41%        N/A       1%          3
b - Gell's Gravitas       Tloc           41%        N/A       1%          3
c - Corpse Rot            Necr/Pois/Air  41%        N/A       2%          4
f - Freeze                Ice            100%       1d11      1%          1
h - Hailstorm             Conj/Ice       41%        3d10      2%          4
r - Frozen Ramparts       Ice            82%        1d13      1%          3
s - Sandblast             Erth           82%        2d17      1%          1
S - Scorch                Fire           82%        2d9       1%          2
Your spell library was empty.

Dungeon Overview and Level Annotations

Branches:
Dungeon (8/15)             Temple (1/1) D:4
   Lair: D:8-11

Altars:
Ashenzari
Cheibriados
Dithmenos
Elyvilon
Fedhas
Gozag
Hepliaklqana
Makhleb
Nemelex Xobeh
Okawaru
Qazlal
Trog
Wu Jian
Xom
Yredelemnul
Zin
The Shining One

Shops:
D:3 (**!   D:4 **?*   D:5 ((

Annotations:
D:4 1 runed translucent door, CertainDeath's ghost, amateur MiMo


Innate Abilities, Weirdness & Mutations

You are immune to sickness and miasma.
You are immune to poison.
Your flesh is very heat resistant. (rF++)
You are vulnerable to cold. (rC-)
You float through the air rather than walking.
You learn spells naturally, not from books.
Your magical power is your life essence.
You have superior vitality. (+4 MHP)


Message History

The bullfrog closely misses your wight.
Your wight closely misses the bullfrog.
You swap places.
Your orc looks more healthy.
The bullfrog hits your wight but does no damage. x2
Your wight hits the bullfrog with a +2 flail!
The bullfrog hits your wight but does no damage.
You swap places.
Something completely misses your wight. Something barely misses your wight.
Something hits your wight.
Your wight hits the bullfrog with a +2 flail!
The bullfrog dies!
Makhleb accepts your kill.
Your Dodging skill increases to level 4!
Your orc dissolves into shadows!
Found an inky potion.
Your orc dissolves into shadows!
Your wight dissolves into shadows!
Found a flail.
Your wight dissolves into shadows!
Your orc warrior dissolves into shadows!
You now have 152 gold pieces (gained 3).
There are no items here.
A wyvern comes into view.
Found 12 gold pieces.
Your wight dissolves into shadows!
You see here a +0 flail.
Found a black potion.
An electric eel comes into view.
Found a white marble altar of Elyvilon.
The electric eel shoots out a bolt of lightning at you!
The bolt of electricity hits you!
The electric eel shoots out a bolt of lightning at you!
The bolt of electricity hits the plant!
The plant begins to die.
The bolt of electricity hits you!
* * * LOW HITPOINT WARNING * * *
The bolt of electricity hits you!
* * * LOW HITPOINT WARNING * * *
The electric eel shoots out a bolt of lightning at you!
The bolt of electricity hits the plant!
The bolt of electricity hits you!
You die...

#....................
#..................#
##.................##.
#.....................
#...................#
##.................###
##..................#
#..#...#....!.#####.##
# #.PPP..@PP...## ≈
##.##.
#..#.P#.P#PP##≈≈⌠ ##...
#.≈≈≈≈≈≈≈≈≈≈≈≈≈.. #...
#..............._ #...
##≈≈≈≈≈≈≈≈S≈≈≈≈.. #...
#!#.P#.P#P.##≈≈⌠ ##...
#P.....PP...# ≈≈ ##[z..
############.#####.....
#....F......


You could see an electric eel.

Vanquished Creatures
  Erica (D:8)
  Prince Ribbit (D:7)
  Sigmund (D:3)
  An acid dragon (D:7)
  2 water moccasins
  A sky beast (D:7)
  An ice beast (D:5)
  2 black bears (D:5)
  3 ogres
  2 centaurs
  A phantom (D:5)
  2 kobold brigands (D:7)
  A necrophage (D:5)
  2 scorpions
  2 bullfrogs
  2 hounds
  3 jellies
  Crazy Yiuf (D:6)
  A gnoll bouda (D:6)
  An iguana (D:5)
  An iron imp (D:5)
  Ijyb (D:3)
  Natasha (thrice) (D:4)
  15 gnolls
  6 adders
  2 shadow imps (D:5)
  A white imp (D:5)
  An ufetubus (D:7)
  3 worms (D:3)
  2 dart slugs (D:1)
  11 orcs
  2 bats
  6 endoplasms
  3 giant cockroaches
  7 goblins
  10 hobgoblins
  9 jackals
  8 quokkas
  9 ball pythons
  6 frilled lizards
  14 kobolds
  7 rats
158 creatures vanquished.

Vanquished Creatures (collateral kills)
  A bullfrog (D:8)
1 creature vanquished.

Grand Total: 159 creatures vanquished

Notes
Turn   | Place    | Note
-------+----------+-------------------------------------------
     0 | D:1      | Godmorgon the Djinni Ice Elementalist began the quest for
                  | the Orb.
     0 | D:1      | Godmorgon set off with the following spells memorised:
                  | Freeze, Frozen Ramparts, Ozocubu's Armour, Hailstorm.
     0 | D:1      | Reached XP level 1. HP: 15/15 MP: 0/0
   198 | D:1      | Reached XP level 2. HP: 19/22 MP: 0/0
   417 | D:1      | Reached skill level 1 in Fighting
   868 | D:1      | Reached XP level 3. HP: 24/27 MP: 0/0
   868 | D:1      | Learned a level 1 spell: Sandblast
  1020 | D:1      | Found a faded altar of an unknown god.
  1424 | D:2      | Reached XP level 4. HP: 29/32 MP: 0/0
  1432 | D:2      | Reached skill level 4 in Spellcasting
  1913 | D:2      | Found a shimmering altar of Xom.
  2110 | D:3      | Found Mimecai's Distillery.
  2125 | D:3      | Bought a potion of attraction for 36 gold pieces
  2125 | D:3      | Bought a potion of curing for 36 gold pieces
  2134 | D:3      | Found Aribraze's General Store.
  2137 | D:3      | Bought a potion of degeneration for 11 gold pieces
  2181 | D:3      | Found Cacuat's General Store.
  2186 | D:3      | Reached XP level 5. HP: 36/38 MP: 0/0
  2186 | D:3      | Learned a level 2 spell: Scorch
  2249 | D:3      | Bought a scroll of blinking for 75 gold pieces
  2863 | D:3      | Found Userr's Weapon Emporium.
  2868 | D:3      | Noticed Sigmund
  2874 | D:3      | Killed Sigmund
  2875 | D:3      | Reached skill level 5 in Spellcasting
  2875 | D:3      | Reached XP level 6. HP: 37/46 MP: 0/0
  2982 | D:3      | Noticed Ijyb
  2984 | D:3      | Killed Ijyb
  3141 | D:3      | Bought a scroll of poison for 40 gold pieces
  3186 | D:4      | Found Efrayvac's Magic Scroll Shoppe.
  3186 | D:4      | Noticed Natasha
  3209 | D:4      | Killed Natasha
  3339 | D:4      | Reached XP level 7. HP: 46/50 MP: 0/0
  3339 | D:4      | Learned a level 3 spell: Gell's Gravitas
  3421 | D:4      | Found a runed translucent door.
  3421 | D:4      | Noticed CertainDeath's ghost (amateur MiMo)
  3636 | D:4      | Found Xoodanan's General Store.
  3671 | D:4      | Noticed Natasha
  3675 | D:4      | Killed Natasha
  3839 | D:4      | Found a staircase to the Ecumenical Temple.
  3851 | Temple   | Entered the Ecumenical Temple
  3923 | Temple   | Became a worshipper of Makhleb the Destroyer
  3939 | D:4      | Noticed Natasha
  3943 | D:4      | Killed Natasha
  4036 | D:4      | Found Ysteuwyza's Assorted Antiques.
  4143 | D:4      | Found Toel's Assorted Antiques.
  4183 | D:4      | Bought a scroll of identify for 28 gold pieces
  4202 | D:5      | Entered Level 5 of the Dungeon
  4202 | D:5      | Found Famuoff's Antique Weapon Shop.
  4435 | D:5      | Reached skill level 6 in Spellcasting
  4496 | D:5      | Reached XP level 8. HP: 43/58 MP: 0/0
  4790 | D:5      | Found Karuxt's Antique Weapon Shoppe.
  4837 | D:5      | Reached skill level 5 in Fighting
  5031 | D:5      | Found a faded altar of an unknown god.
  5039 | D:5      | Found a glowing golden altar of the Shining One.
  5041 | D:5      | Found a blossoming altar of Fedhas.
  5048 | D:5      | Reached skill level 7 in Spellcasting
  5085 | D:5      | Found a faded altar of an unknown god.
  5164 | D:5      | Found a snail-covered altar of Cheibriados.
  5681 | D:6      | Reached XP level 9. HP: 65/66 MP: 0/0
  5681 | D:6      | Learned a level 4 spell: Corpse Rot
  5945 | D:6      | Found a runed translucent door.
  5946 | D:6      | Noticed Crazy Yiuf
  5951 | D:6      | Killed Crazy Yiuf
  6016 | D:6      | Reached skill level 1 in Invocations
  6209 | D:4      | Bought a scroll of fog for 56 gold pieces
  6209 | D:4      | Bought a scroll of identify for 28 gold pieces
  6428 | D:6      | Reached skill level 1 in Armour
  6471 | D:6      | Reached skill level 1 in Long Blades
  6618 | D:6      | Reached * piety under Makhleb
  7276 | D:7      | Found an opulent altar of Gozag.
  7277 | D:7      | Noticed Prince Ribbit
  7284 | D:7      | Killed Prince Ribbit
  7665 | D:7      | Reached skill level 8 in Spellcasting
  8142 | D:8      | Noticed Erica
  8166 | D:8      | Killed Erica
  8167 | D:8      | Reached XP level 10. HP: 35/73 MP: 0/0
  8215 | D:8      | Found a white marble altar of Elyvilon.
  8218 | D:8      | Killed from afar by an electric eel

Illustrated notes

Levels and vault maps discovered:
D:1:      dpeg_arrival_pond, layout_basic,
          hellmonk_ecumenical_altar_inner_sanctum
D:2:      layout_rooms, basic_altar
D:3:      layout_loops_cross, serial_shops, shop, shop,
          nicolae_shop_hallway_stairs, nicolae_shop_bloodbath_and_beyond,
          kennysheep_generic_room_6, uniq_ijyb, uniq_sigmund
D:4:      layout_rooms, minmay_temple_entry_waves, gammafunk_ghost_grave,
          serial_shops, nicolae_shop_window_shopping, kennysheep_mini,
          nicolae_shop_overgrown_old_shop, shop, uniq_natasha
D:5:      layout_loops_ring, slow_altar_1, chequers_temple_overflow_minitemple,
          serial_shops, shop, nicolae_shop_hallway_plus
D:6:      layout_loops_ring, lightli_orcish_oven, uniq_crazy_yiuf_cottage
D:7:      layout_cave_pods, amcnicky_altar_gilded, palyth_stone_intersect,
          uniq_prince_ribbit1
D:8:      layout_cave_pools, nicolae_elyvilon_temple_path, enter_bailey_3,
          serial_park, serial_park_square3 [serial_park_minivault_5x5_1],
          serial_park_tiny_1, serial_park_tiny_pond, serial_park_tiny_1,
          serial_park_tiny_2, serial_park_square3 [serial_park_minivault_5x5_1],
          uniq_erica
Temple:   nicolae_temple_ecumenical_triangle

Skill      XL: |  1  2  3  4  5  6  7  8  9 10 |
---------------+-------------------------------+-----
Fighting       | 1 2 3 4 5 6 |  6.7
Spellcasting   | 4 5 6 7 8 |  8.2
Invocations    | 4 |  4.3
Armour         | 2 |  2.9
Long Blades    | 2 |  2.5
Dodging        | 3 4 |  4.0
Stealth        | |  1.5

Action                   |  1- 3 |  4- 6 |  7- 9 | 10-12 || total
-------------------------+-------+-------+-------+-------++-------
Melee: Whip              |       |    10 |     8 |       ||    18
       Punch             |       |       |     2 |       ||     2
Throw: Dart              |       |       |     6 |       ||     6
 Cast: Freeze            |    24 |       |       |       ||    24
       Sandblast         |    26 |    55 |    41 |       ||   122
       Scorch            |       |    13 |    81 |       ||    94
       Frozen Ramparts   |       |       |    22 |       ||    22
       Ozocubu's Armour  |       |       |    13 |       ||    13
       Hailstorm         |       |       |     3 |       ||     3
       Corpse Rot        |       |       |     2 |       ||     2
  Use: Scroll            |       |       |    12 |     2 ||    14
       Potion            |       |       |     2 |       ||     2
Armor: Robe              |     4 |     4 |     8 |       ||    16
Dodge: Dodged            |     8 |    23 |    22 |       ||    53
